 Dungeon Crawl Stone Soup version 0.31-a0-1537-g69dc257577 (webtiles) character file.

Game seed: 4884018779498863531

1418627 Ge0ff the Darkened (level 27, 224/224 HPs)
             Began as a Vampire Ice Elementalist on Jan 1, 2024.
             Was a Follower of Dithmenos.
             Escaped with the Orb
             ... and 3 runes on Jan 2, 2024!
             The game lasted 04:55:36 (110331 turns).

Ge0ff the Darkened (Vampire Ice Elementalist)     Turns: 110331, Time: 04:55:36

Health: 224/224    AC: 25    Str:  9    XL:     27
Magic:  28/28      EV: 22    Int: 24    God:    Dithmenos [*.....]
Gold:   805        SH:  0    Dex: 27    Spells: 8/46 levels left

rFire   + . .        a - +8 storm bow {elec, penet}
rCold   + . .        (shield currently unavailable)
rNeg    + + .        M - quicksilver dragon scales
rPois   .            D - +1 helmet "Wawy Sow" {Regen+}
rElec   +            i - scarf of Plog {rC+ rF+, rN+ Regen+ Str-4}
rCorr   +            x - +2 pair of gloves {Dex+3}
SInv    +            Y - +2 pair of boots {Fly}
Will    +++..        r - amulet of guardian spirit
Stlth   ++           c - +4 ring of slaying
HPRegen 2.37/turn    Z - ring of Kebbow {rElec rN+ rCorr MP-9 Dex+6, =R}
MPRegen 0.21/turn

%: guardian spirit
@: flying, healing quickly, hasted (expiring), wreathed by umbra, studying
Staves, very quick
A: alive, fangs 3, see invisible, vampiric 2, iridescent scales 1, strong 1
0: Orb of Zot
}: 3/15 runes: decaying, serpentine, silver
a: Exsanguinate, Renounce Religion


You escaped.
You worshipped Dithmenos.
Dithmenos was aware of your devotion.
You visited 11 branches of the dungeon, and saw 51 of its levels.
You also visited: Ossuary, Gauntlet, Ice Cave and Wizlab.

You collected 9261 gold pieces.
You spent 8456 gold pieces at shops.

Inventory:

Hand Weapons
 a - the +8 storm bow (weapon) {elec, penet}
   (You bought it in a shop on level 2 of the Orcish Mines)
 b - the +5 rapier of Gallantry {vamp, Will+ Stlth+}
   (You found it on level 3 of the Depths)

   Will+:     It increases your willpower.
   Stlth+:    It makes you more stealthy.
 p - the +11 rapier of Wenweis {distort, rElec}
   (You found it on level 3 of the Lair of Beasts)

   rElec:     It insulates you from electricity.
 w - a +9 dagger of electrocution
Missiles
 g - a throwing net {=F}
 v - 8 curare-tipped darts {=F}
Armour
 i - the scarf of Plog (worn) {rC+ rF+, rN+ Regen+ Str-4}
   (You acquired it on level 2 of the Elven Halls)

   Str-4:     It affects your strength (-4).
   rN+:       It protects you from negative energy.
   Regen+:    It increases your rate of health regeneration.
 x - a +2 pair of gloves of dexterity (worn)
 D - the +1 helmet "Wawy Sow" (worn) {Regen+}
   (You found it in a Gauntlet)

   Regen+:    It increases your rate of health regeneration.
 M - quicksilver dragon scales (worn)
 Q - a +3 leather armour of willpower
 Y - a +2 pair of boots of flying (worn)
Jewellery
 c - a +4 ring of slaying (left hand)
 h - an amulet of regeneration
 r - an amulet of guardian spirit (around neck)
 t - a ring of willpower
 G - the amulet "Gumoycid" {Faith rElec Str+5 Dex-3 SInv}
   (You found it in a Gauntlet)

   [amulet of faith]

   Faith:     It allows you to gain divine favour quickly.
   Str+5:     It affects your strength (+5).
   Dex-3:     It affects your dexterity (-3).
   rElec:     It insulates you from electricity.
   SInv:      It lets you see invisible.
 L - the ring "Buickumm" {Ice rPois Str+4}
   (You took it off a deep elf sorcerer on level 5 of the Vaults)

   [ring of ice]

   Ice:       It enhances your ice magic.
   Str+4:     It affects your strength (+4).
   rF-:       It makes you vulnerable to fire.
   rC+:       It protects you from cold.
   rPois:     It protects you from poison
 Z - the ring of Kebbow (right hand) {rElec rN+ rCorr MP-9 Dex+6, =R}
   (You took it off a meliai on level 5 of the Lair of Beasts)

   [ring of dexterity]

   Dex+6:     It affects your dexterity (+6).
   rElec:     It insulates you from electricity.
   rN+:       It protects you from negative energy.
   MP-9:      It affects your magic capacity (-9).
   rCorr:     It protects you from acid and corrosion.
Wands
 d - a wand of digging (17)
 e - a wand of charming (61)
 f - a wand of flame (85)
 j - a wand of light (44)
 k - a wand of iceblast (60)
 s - a wand of mindburst (19)
 P - a wand of polymorph (48)
Scrolls
 y - 3 scrolls of immolation
 B - 6 scrolls of blinking
 C - 2 scrolls of poison
 E - 7 scrolls of fear
 F - 7 scrolls of fog
 J - 5 scrolls of silence {!r}
 S - 5 scrolls of butterflies
 T - 22 scrolls of teleportation
 V - 10 scrolls of vulnerability
Potions
 o - 8 potions of ambrosia
 q - 20 potions of curing
 u - 11 potions of mutation {!q}
 z - 8 potions of brilliance
 A - 10 potions of attraction
 H - 3 potions of haste {!q}
 I - a potion of invisibility
 K - 4 potions of magic {!q}
 N - 9 potions of cancellation {!q}
 R - 6 potions of resistance
 W - 14 potions of heal wounds {!q}
 X - 8 potions of enlightenment
Miscellaneous
 l - a lightning rod (4/4)
 n - a phial of floods
 O - a box of beasts
 U - a phantom mirror (inert)


   Skills:
 - Level 20.0 Fighting
 - Level 14.0 Short Blades
 - Level 20.0 Ranged Weapons
 - Level 6.0 Throwing
 - Level 12.0 Armour
 - Level 15.0 Dodging
 + Level 12.4 Stealth
 - Level 5.0 Shields
 - Level 10.0 Spellcasting
 - Level 8.0 Conjurations
 - Level 5.0 Summonings
 - Level 10.0 Necromancy
 - Level 5.0 Translocations
 - Level 11.0 Ice Magic
 - Level 7.0 Air Magic
 - Level 10.0 Earth Magic
 - Level 10.0 Alchemy
 - Level 20.1 Invocations
 - Level 14.0 Evocations


You had 8 spell levels left.
You knew the following spells:

 Your Spells              Type           Power      Damage    Failure   Level
b - Summon Ice Beast      Ice/Summ       50%        N/A       1%          3
d - Iskenderun's Mystic   Conj/Tloc      43%        2d10      8%          4
f - Mephitic Cloud        Conj/Alch/Air  51%        N/A       1%          3
h - Lee's Rapid Deconstr  Erth           28%        3d15*     4%          5
k - Stone Arrow           Conj/Erth      100%       3d13      1%          3
n - Dispel Undead         Necr           56%        3d20      1%          4
s - Freezing Cloud        Conj/Ice/Air   26%        6-21      9%          5
B - Blink                 Tloc           72%        N/A       2%          2
C - Petrify               Alch/Erth      56%        N/A       1%          4
E - Irradiate             Conj/Alch      26%        3d20      8%          5

Your spell library contained the following spells:

 Spells                   Type           Power      Damage    Failure   Level
 Freeze                   Ice            100%       1d10      1%          1
 Kiss of Death            Conj/Necr      100%       2d13      1%          1
 Magic Dart               Conj           100%       1d8       1%          1
 Necrotise                Necr           100%       1d9       1%          1
 Sandblast                Erth           100%       2d20      1%          1
 Shock                    Conj/Air       100%       1d9       1%          1
 Cigotuvi's Dreadful Rot  Necr/Alch/Air  100%       N/A       1%          2
 Ensorcelled Hibernation  Hex/Ice        76%        N/A       1%          2
 Mercury Vapours          Alch/Air       100%       N/A       1%          2
 Momentum Strike          Conj/Tloc      86%        3d10      1%          2
 Searing Ray              Conj           100%       2d8       1%          2
 Static Discharge         Conj/Air       96%        3-7/arc   1%          2
 Sublimation of Blood     Necr           56%        N/A       1%          2
 Frozen Ramparts          Ice            100%       1d16      1%          3
 Fugue of the Fallen      Necr           56%        N/A       1%          3
 Hailstorm                Conj/Ice       55%        3d11      1%          3
 Ozocubu's Armour         Ice            59%        N/A       1%          3
 Swiftness                Air            45%        N/A       1%          3
 Vampiric Draining        Necr           56%        2d10      1%          3
 Animate Dead             Necr           56%        N/A       1%          4
 Leda's Liquefaction      Alch/Erth      28%        N/A       1%          4
 Foxfire                  Conj/Fire      100%       2x1d9     2%          1
 Call Imp                 Summ           72%        N/A       2%          2
 Lesser Beckoning         Tloc           72%        N/A       2%          2
 Brom's Barrelling Bould  Conj/Erth      53%        2d7       2%          4
 Fulminant Prism          Conj/Alch      26%        3d14      2%          4
 Gell's Gravitas          Tloc           36%        N/A       4%          3
 Teleport Other           Tloc           36%        N/A       4%          3
 Animate Armour           Summ/Erth      96%        N/A       4%          4
 Martyr's Knell           Necr/Summ      48%        N/A       4%          4
 Borgnjor's Vile Clutch   Necr/Erth      28%        N/A       4%          5
 Curse of Agony           Necr           56%        N/A       4%          5
 Dazzling Flash           Conj/Hex       62%        N/A       6%          3
 Airstrike                Air            22%        2d(4-20)  6%          4
 Summon Lightning Spire   Summ/Air       40%        N/A       10%         4
 Vhi's Electric Charge    Tloc/Air       80%        N/A       10%         4
 Slow                     Hex            48%        N/A       11%         1
 Volatile Blastmotes      Fire/Tloc      48%        2d14      12%         3
 Iskenderun's Battlesphe  Conj           50%        2d10      12%         5
 Anguish                  Hex/Necr       18%        N/A       14%         4
 Passage of Golubria      Tloc           36%        N/A       14%         4
 Arcjolt                  Conj/Air       24%        1d34      14%         5
 Scorch                   Fire           24%        2d6       17%         2
 Sculpt Simulacrum        Ice/Alch       29%        N/A       22%         6
 Death Channel            Necr           28%        N/A       28%         6
 Confusing Touch          Hex            12%        N/A       32%         3
 Inner Flame              Hex/Fire       12%        N/A       32%         3
 Sigil of Binding         Hex            12%        N/A       32%         3
 Metabolic Englaciation   Hex/Ice        19%        N/A       32%         5
 Dimensional Bullseye     Hex/Tloc       12%        N/A       36%         4
 Summon Forest            Summ/Tloc      18%        N/A       36%         5
 Bombard                  Conj/Erth      26%        9d5       38%         6
 Fireball                 Conj/Fire      15%        3d8       52%         5
 Silence                  Hex/Air        14%        N/A       58%         5
 Conjure Ball Lightning   Conj/Air       24%        3x3d7     61%         6
 Cause Fear               Hex            6%         N/A       73%         4
 Summon Mana Viper        Hex/Summ       24%        N/A       73%         5
 Dispersal                Tloc           18%        N/A       91%         6
 Summon Cactus Giant      Summ           18%        N/A       91%         6
 Starburst                Conj/Fire      15%        6d6       97%         6
 Orb of Destruction       Conj           25%        9d9       98%         7
 Plasma Beam              Fire/Air       14%        2x1d25    99%         6
 Enfeeble                 Hex            6%         N/A       100%        7
 Monstrous Menagerie      Summ           18%        N/A       100%        7
 Disjunction              Tloc           18%        N/A       100%        8
 Ignition                 Fire           6%         3d4       100%        8
 Lehudib's Crystal Spear  Conj/Erth      26%        10d7      100%        8
 Maxwell's Capacitive Co  Air            22%        ∞         100%        8
 Fire Storm               Conj/Fire      15%        8d4       100%        9
 Borgnjor's Revivificati  Necr           Unusable   N/A       N/A         8
 Death's Door             Necr           Unusable   N/A       N/A         9

Dungeon Overview and Level Annotations

Branches:
Dungeon (15/15)            Temple (1/1) D:6            Lair (5/5) D:10
  Swamp (4/4) Lair:2        Snake (4/4) Lair:2        Slime (0/5) Lair:4
    Orc (2/2) D:11            Elf (3/3) Orc:2        Vaults (5/5) D:13
  Crypt (3/3) Vaults:2       Tomb (0/3) Crypt:3      Depths (4/4) D:15
    Zot (5/5) Depths:4    Ossuary (visited)           IceCv (visited)
 WizLab (visited)         Gauntlet (visited)

Altars:
Ashenzari
Cheibriados
Dithmenos
Fedhas
Gozag
Hepliaklqana
Kikubaaqudgha
Makhleb
Nemelex Xobeh
Okawaru
Qazlal
Ru
Sif Muna
Trog
Uskayaw
Vehumet
Wu Jian
Xom
Yredelemnul
Lugonu

Shops:
D:15 (   Orc:1 :   Orc:2 :(:**   Elf:1 ?   Elf:3 [   Vaults:3 (!((
Vaults:5 !??[

Portals:
Hell: Depths:1 Depths:2 Depths:3 Depths:4
Abyss: Depths:2 Depths:3 Depths:4
Pandemonium: Orc:2 Depths:2
Ziggurat: Depths:1


Innate Abilities, Weirdness & Mutations

Your natural rate of healing is accelerated.
You have razor-sharp teeth.
You have supernaturally acute eyesight. (SInv)
You are afflicted with vampirism and can become a bat while bloodless.
You are partially covered in iridescent scales. (AC +2)
Your muscles are strong. (Str +4, Int/Dex -1)


Message History

You feel stronger.
You feel clumsy.
G - the amulet "Gumoycid" (around neck) {Faith rElec Str+5 Dex-3 SInv} You start removing your amulet.
You continue taking off the amulet "Gumoycid" {Faith rElec Str+5 Dex-3 SInv}. x4
You finish taking off the amulet "Gumoycid" {Faith rElec Str+5 Dex-3 SInv}.
Dithmenos seems less interested in you.
You feel less pious.
You start putting on your amulet.
You continue putting on the amulet "Gumoycid" {Faith rElec Str+5 Dex-3 SInv}. x5
You finish putting on the amulet "Gumoycid" {Faith rElec Str+5 Dex-3 SInv}.
You feel a surge of divine interest.
You feel stronger.
You feel clumsy.
G - the amulet "Gumoycid" (around neck) {Faith rElec Str+5 Dex-3 SInv} You start removing your amulet.
You continue taking off the amulet "Gumoycid" {Faith rElec Str+5 Dex-3 SInv}. x4
You finish taking off the amulet "Gumoycid" {Faith rElec Str+5 Dex-3 SInv}.
Dithmenos seems less interested in you.
You feel less pious.
You can no longer transform into a swirling mass of shadows.
You start putting on your amulet.
You continue putting on the amulet "Gumoycid" {Faith rElec Str+5 Dex-3 SInv}. x5
You finish putting on the amulet "Gumoycid" {Faith rElec Str+5 Dex-3 SInv}.
You feel a surge of divine interest.
You feel stronger.
You feel clumsy.
G - the amulet "Gumoycid" (around neck) {Faith rElec Str+5 Dex-3 SInv} You start removing your amulet.
You continue taking off the amulet "Gumoycid" {Faith rElec Str+5 Dex-3 SInv}. x4
You finish taking off the amulet "Gumoycid" {Faith rElec Str+5 Dex-3 SInv}.
Dithmenos seems less interested in you.
You feel less pious.
You will no longer bleed smoke.
You start putting on your amulet.
You continue putting on the amulet "Gumoycid" {Faith rElec Str+5 Dex-3 SInv}. x5
You finish putting on the amulet "Gumoycid" {Faith rElec Str+5 Dex-3 SInv}.
You feel a surge of divine interest.
You feel stronger.
You feel clumsy.
G - the amulet "Gumoycid" (around neck) {Faith rElec Str+5 Dex-3 SInv} You start removing your amulet.
You continue taking off the amulet "Gumoycid" {Faith rElec Str+5 Dex-3 SInv}. x4
You finish taking off the amulet "Gumoycid" {Faith rElec Str+5 Dex-3 SInv}.
Dithmenos seems less interested in you.
You feel less pious.
You can no longer step into the shadows of nearby creatures.
You start putting on your amulet.
You continue putting on your amulet of guardian spirit. x5
Your extra speed is starting to run out.
You finish putting on your amulet of guardian spirit.
You feel your power drawn to a protective spirit.
r - an amulet of guardian spirit (around neck)
You have escaped!

###.......####.####.......##..#
##.....####....#..####.....##..
##....###.......#.....###....###
#....##.....#######.....##....#
##...##....###.....###....##...##
#....#....##.........##....#.....
#...##...##...##.##...##...##....
#...#....#...##...##........#....
#........#...##.@.###############
#...######...##...##............#
#...##...##...#####...#######...#
#....#....##.........##....#....#
##...##....###.....###....##...##
#....##.....###.###...........#
##....#.#.......#.....###....##
##.....####....#..####.##..##
##.......#########.....#######


There were no monsters in sight!

Vanquished Creatures
  4 orbs of fire (Zot:5)
  3 dread liches
  5 ancient liches
  4 juggernauts
  Boris (twice) (Depths:4 Crypt:1)
  The ghost of NoAnimeNoLife the Deadly Accurate, a veteran GnHs of Zin (Vaults:4)
  7 Killer Klowns (Zot:5)
  Margery (Vaults:5)
  4 caustic shrikes (Depths:4)
  A curse toe (Zot:3)
  12 golden dragons
  2 bone dragons
  Norris (Vaults:4)
  2 electric golems (Zot:5)
  A Cloud Mage (WizLab)
  Zenata (Vaults:4)
  The ghost of hitsuchi the Basher, an adept NaAl of Cheibriados (Swamp:4)
  Jorgrun (Elf:2)
  22 tentacled monstrosities
  A deep elf blademaster (Elf:2)
  Rupert (D:13)
  2 walking crystal tomes (Depths:3)
  7 liches
  A walking frostbound tome (Depths:4)
  26 Orb Guardians
  A walking earthen tome (Depths:3)
  A searing wretch (Vaults:5)
  A walking divine tome (Depths:3)
  4 titans (Vaults:5)
  7 quicksilver dragons
  4 sphinxes
  An ancient champion (Crypt:1)
  An eldritch tentacle (Depths:1)
  9 tengu reavers
  A thorn hunter (Swamp:2)
  7 death cobs
  3 revenants
  16 storm dragons
  Aizul (Snake:1)
  A fenstrider witch (Swamp:4)
  7 protean progenitors
  13 shadow dragons
  A daeva (Zot:1)
  4 draconian knights
  5 nagarajas
  8 draconian monks
  8 frost giants
  8 fire giants
  The ghost of Cuam the Brawler, a journeyman TrCK of Xom (D:15)
  7 draconian scorchers
  3 iron dragons
  9 deep elf sorcerers
  19 vault wardens
  7 draconian shifters
  4 ghost moths
  The ghost of confidenceinterval the Severer, a journeyman MiFi of Makhleb (Lair:5)
  3 deep elf elementalists (Elf:3)
  3 spriggan defenders (Depths:3)
  2 cacodemons
  2 curse skulls (Crypt:2)
  2 orc warlords
  19 very ugly things
  4 draconian stormcallers
  7 ghouls
  15 ironbound preservers
  A juggernaut skeleton (Depths:1)
  3 formless jellyfish
  6 vampire knights
  Nessos (D:13)
  6 draconian annihilators
  12 ironbound thunderhulks
  8 eleionomae
  15 stone giants
  4 deep elf demonologists
  5 yellow draconians
  8 white draconians
  12 deep elf annihilators
  11 black draconians
  20 green draconians
  13 deep elf death magi
  10 purple draconians
  11 red draconians
  5 bunyips
  12 spark wasps
  5 dire elephants
  12 war gargoyles
  A minotaur (Gauntlet)
  7 eidola
  3 crystal guardians (Crypt:3)
  2 blizzard demons (WizLab)
  2 green deaths (Swamp:4)
  15 ettins
  12 fire dragons
  Josephine (D:10)
  7 deep elf high priests
  The ghost of Lymetel the Cleaver, a journeyman GrFi of Okawaru (D:11)
  A quicksilver dragon skeleton (Crypt:1)
  23 yaktaur captains
  A shambling mangrove (Swamp:4)
  5 rakshasas
  7 entropy weavers
  2 salamander tyrants (Snake:4)
  42 vault guards
  16 ice dragons
  Harold (D:10)
  8 great orbs of eyes
  11 ogre magi
  15 hydras
  A bennu zombie (Crypt:1)
  11 centaur warriors
  3 demonspawn (Orc:2)
  9 ghost crabs
  An anaconda (shapeshifter) (Depths:2)
  A peacekeeper (Vaults:3)
  2 radroaches (Zot:1)
  A catoblepas (D:9)
  2 caustic shrike simulacra
  14 ironbound frosthearts
  9 alligators
  7 spriggan air magi
  8 boulder beetles
  15 anacondas
  5 death knights
  16 naga warriors
  5 death yaks
  25 two-headed ogres
  4 deep troll shamans
  4 tengu warriors
  A demonic crawler (D:2)
  3 occultists (Depths:2)
  11 shock serpents
  4 deep troll earth magi
  A thrashing horror (Swamp:4)
  34 dancing weapons
  8 orc high priests
  6 vampire magi
  12 spriggan berserkers
  A titan zombie (Crypt:3)
  21 hell knights
  21 deep elf knights
  14 naga sharpshooters
  2 soul eaters
  A shadow wraith (Vaults:5)
  A sixfirhy (Zot:1)
  5 iron trolls
  A bunyip zombie (Crypt:3)
  Lodul (D:10)
  3 glowing orange brains
  5 skysharks
  A spark wasp zombie (Crypt:1)
  A fire crab (Depths:1)
  10 flayed ghosts
  2 sea snakes (shapeshifter) (Vaults:5)
  54 deep trolls
  3 spriggan druids
  7 naga ritualists
  25 skeletal warriors
  2 deep trolls (shapeshifter)
  8 goliath frogs
  2 arcanists
  4 large abominations
  8 salamander mystics
  A shadow demon (D:3)
  13 bog bodies
  6 swamp dragons
  14 lindwurms
  12 deep elf archers
  2 orange crystal statues (IceCv)
  An iron giant skeleton (Crypt:3)
  An obsidian statue (Snake:3)
  2 steelbarb worms (shapeshifter)
  2 harpies (Vaults:3)
  3 mana vipers (shapeshifter)
  27 deep elf pyromancers
  18 necromancers
  8 phantasmal warriors
  A fenstrider witch simulacrum (Swamp:4)
  44 ugly things
  6 mana vipers
  19 ironbound convokers
  9 orc knights
  2 oklob plants
  28 deep elf zephyrmancers
  5 orc sorcerers
  4 lightning spires (Depths:1)
  22 salamanders
  An iron dragon zombie (Crypt:2)
  2 cyclopes (D:14)
  3 will-o-the-wisps
  A tengu skeleton (Depths:1)
  A stone giant zombie (Crypt:1)
  Maurice (D:9)
  3 spectral spriggans (Swamp:4)
  An alligator skeleton (Crypt:1)
  31 black mambas
  2 manticores (D:8)
  6 meliai
  A meliai (shapeshifter) (Depths:2)
  26 moths of wrath
  23 vault sentinels
  A dire elephant zombie (Crypt:3)
  A centaur zombie (Crypt:3)
  A rust devil (Orc:2)
  6 elephants (Lair:3)
  2 molten gargoyles (Depths:1)
  A kobold blastminer (Orc:2)
  18 naga magi
  5 guardian serpents
  An alligator snapping turtle zombie (Crypt:2)
  2 apocalypse crabs (WizLab)
  A smoke demon (Depths:2)
  An ice statue (Lair:3)
  6 orange demons
  4 gargoyles
  A storm dragon simulacrum (Crypt:1)
  27 cane toads
  A torpor snail (shapeshifter) (Vaults:5)
  2 cane toads (shapeshifter)
  A yaktaur (shapeshifter) (D:11)
  4 naga skeletons
  A human zombie (Vaults:1)
  An unseen horror (D:11)
  7 freezing wraiths
  An efreet (D:15)
  5 rime drakes
  22 yaktaurs
  A dire elephant skeleton (Crypt:2)
  7 komodo dragons
  A tengu conjurer (Depths:1)
  2 golden dragon simulacra
  A troll (shapeshifter) (D:11)
  5 harpy zombies
  2 spectral death drakes (Swamp:4)
  2 tormentors
  2 red devils
  A purple draconian skeleton (Crypt:1)
  13 tyrant leeches
  8 wind drakes (WizLab)
  2 bloated husks (Swamp:1)
  3 polar bears
  7 trolls
  A hydra zombie (Crypt:1)
  A queen bee (Lair:5)
  2 tarantellas (shapeshifter)
  A tarantella (Vaults:3)
  An alligator simulacrum (IceCv)
  A wind drake (shapeshifter) (Depths:2)
  24 hornets
  A tengu simulacrum (Depths:1)
  32 blink frogs
  4 glass eyes
  3 dream sheep (Lair:5)
  4 jumping spiders
  54 slime creatures
  A human simulacrum (Vaults:1)
  14 air elementals
  31 spriggans
  A spriggan (shapeshifter) (D:11)
  A culicivora (Vaults:5)
  A centaur simulacrum (D:14)
  A shadow (Swamp:4)
  2 yaks (shapeshifter)
  A ynoxinul (Gauntlet)
  16 water elementals
  A vampire (D:11)
  63 yaks
  2 ettin skeletons
  8 wyverns
  13 wraiths
  3 dire elephant simulacra (IceCv)
  A hog (shapeshifter) (Elf:1)
  A human (D:11)
  8 redbacks
  4 basilisks
  A fire elemental (Elf:2)
  3 wargs
  A chaos spawn (D:2)
  A demonspawn zombie (Crypt:2)
  4 steam dragons
  4 neqoxecs
  12 vampire mosquitoes
  3 harpy simulacra
  2 spriggan simulacra (Swamp:4)
  A redback (shapeshifter) (D:14)
  31 nagas
  9 swamp worms
  2 spatial vortices (Depths:1)
  A hydra simulacrum (IceCv)
  5 acid dragons
  2 death drake simulacra (Swamp:4)
  11 water moccasins
  2 glowing shapeshifter skeletons
  38 orc warriors
  9 ice beasts
  23 laughing skulls
  5 swamp drakes
  4 sky beasts (D:8)
  A black bear (Lair:3)
  A lindwurm zombie (Crypt:1)
  2 ettin simulacra (IceCv)
  8 wolves
  19 ogres
  19 centaurs
  A lemure (D:7)
  The ghost of Azzok the Insei, an amateur OpSh (D:3)
  An elf simulacrum (Vaults:1)
  A kobold brigand (D:10)
  19 bullfrogs
  An earth elemental (Elf:3)
  A gnoll sergeant (D:8)
  5 scorpions
  7 necrophages
  7 wights
  An elf skeleton (Crypt:2)
  A burial acolyte (Ossuary)
  20 killer bees
  2 lindwurm simulacra (IceCv)
  A polar bear skeleton (Crypt:2)
  5 howler monkeys
  A bombardier beetle (D:4)
  9 electric eels
  2 lava snakes (Depths:1)
  5 jellies (Lair:4)
  7 hounds
  An iron imp (Gauntlet)
  33 orc priests
  2 sleepcaps (D:6)
  Jessica (D:2)
  3 iguanas
  Natasha (thrice) (D:2)
  18 orc wizards
  An ice beast zombie (Crypt:1)
  A hound skeleton (Crypt:2)
  7 gnolls
  10 adders
  A shadow imp (D:8)
  4 white imps
  A jelly zombie (Crypt:1)
  3 dart slugs
  A ribbon worm (D:3)
  67 orcs
  6 ball pythons
  6 bats
  5 endoplasms
  6 giant cockroaches
  4 goblins
  5 hobgoblins
  4 jackals
  13 kobolds
  2 quokkas
  3 ball python skeletons (Ossuary)
  4 frilled lizards
  A hobgoblin skeleton (Ossuary)
  3 hobgoblin zombies
  A kobold zombie (Ossuary)
  2 orc skeletons (Ossuary)
  An orc zombie (Ossuary)
  A quokka skeleton (Crypt:2)
  2 quokka zombies
  4 rats
  3 aspiring fleshes
2511 creatures vanquished.

Vanquished Creatures (collateral kills)
  A dread lich (Zot:5)
  A tentacled monstrosity (Vaults:5)
  A deep elf master archer (Elf:1)
  A storm dragon (Depths:4)
  A green draconian (Zot:1)
  A bunyip (Swamp:1)
  An alligator (Swamp:1)
  An anaconda (Snake:4)
  A skyshark (Vaults:4)
  A goliath frog (Swamp:4)
  Pikel (D:7)
  A deep elf zephyrmancer (Elf:1)
  A salamander (Snake:2)
  A guardian serpent (Snake:4)
  A gargoyle (D:10)
  A tyrant leech (Lair:4)
  An alligator simulacrum (IceCv)
  A dream sheep (Lair:4)
  A yak (Lair:4)
  A vampire mosquito (Lair:4)
  2 nagas (Snake:4)
  3 ice beasts
  An ettin simulacrum (IceCv)
  A kobold brigand (D:7)
  2 wights
  A burial acolyte (Ossuary)
  An iron imp (Gauntlet)
  A gnoll (D:8)
  A shadow imp (D:7)
  3 orcs (D:8)
  2 kobolds (D:7)
38 creatures vanquished.

Vanquished Creatures (others)
  A death cob (Zot:1)
  A very ugly thing (IceCv)
  A green draconian (Zot:1)
  2 black draconians
  A white draconian (Depths:4)
  A caustic shrike simulacrum (IceCv)
  A ghost crab (WizLab)
  An alligator (Swamp:1)
  A dancing weapon (Crypt:3)
  A shock serpent (Snake:4)
  A fire crab (Depths:1)
  A skyshark (Vaults:4)
  2 swamp worms (Swamp:4)
  A harpy simulacrum (IceCv)
  A hydra simulacrum (IceCv)
  A swamp drake (Swamp:1)
  A kobold (D:10)
  9 foxfires
28 creatures vanquished.

Grand Total: 2577 creatures vanquished

Notes
Turn   | Place    | Note
-------+----------+-------------------------------------------
     0 | D:1      | Ge0ff the Vampire Ice Elementalist began the quest for the
                  | Orb.
     0 | D:1      | Reached XP level 1. HP: 13/13 MP: 3/3
   674 | D:1      | Reached XP level 2. HP: 19/19 MP: 0/5
  2381 | D:2      | Reached skill level 1 in Fighting
  2409 | D:2      | Noticed Jessica
  2438 | D:2      | Killed Jessica
  2439 | D:2      | Gained mutation: You are afflicted with vampirism and can
                  | become a bat while bloodless. [Vampire growth]
  2439 | D:2      | Reached XP level 3. HP: 3/26 MP: 0/7
  2640 | D:2      | Learned a level 3 spell: Frozen Ramparts
  2728 | D:2      | Noticed Natasha
  2735 | D:2      | Killed Natasha
  2736 | D:2      | Reached XP level 4. HP: 32/32 MP: 1/8
  3068 | D:2      | Noticed Natasha
  3080 | D:2      | Killed Natasha
  3081 | D:2      | Reached skill level 5 in Ice Magic
  3374 | D:2      | Noticed Natasha
  3387 | D:2      | Killed Natasha
  3388 | D:2      | Reached XP level 5. HP: 23/37 MP: 2/10
  3902 | D:3      | Learned a level 3 spell: Summon Ice Beast
  4040 | D:3      | Found a transporter.
  4044 | D:3      | Noticed Azzok's ghost (amateur OpSh)
  4044 | D:3      | Noticed an ogre
  4047 | D:3      | Noticed an ogre
  4047 | D:3      | Noticed an ogre
  4063 | D:3      | Reached skill level 1 in Summonings
  4530 | D:3      | Reached XP level 6. HP: 39/43 MP: 7/11
  4654 | D:3      | Noticed an eye of devastation
  4657 | D:3      | Found a faded altar of an unknown god.
  4659 | D:3      | Noticed an eye of devastation
  4659 | D:3      | Noticed a great orb of eyes
  4659 | D:3      | Noticed a great orb of eyes
  4755 | D:3      | Found a broken altar of Ashenzari.
  5577 | D:5      | Entered Level 5 of the Dungeon
  5645 | D:5      | Reached XP level 7. HP: 47/48 MP: 9/13
  5698 | D:5      | Reached skill level 1 in Evocations
  6446 | D:5      | Identified the +3 leather armour "Aduh Nof" {rF+++ rC+
                  | SInv}
  7046 | D:6      | Reached skill level 1 in Armour
  7048 | D:6      | Reached skill level 1 in Shields
  7178 | D:6      | Found a staircase to the Ecumenical Temple.
  7195 | Temple   | Entered the Ecumenical Temple
  7223 | Temple   | Became a worshipper of Dithmenos the Shadowed
  7256 | D:6      | Reached XP level 8. HP: 48/55 MP: 10/14
  7379 | D:6      | Learned a level 4 spell: Dispel Undead
  7717 | D:6      | Found a snail-covered altar of Cheibriados.
  7903 | D:6      | Learned a level 3 spell: Stone Arrow
  7976 | D:6      | Reached skill level 1 in Necromancy
  8348 | D:7      | Reached * piety under Dithmenos
  8464 | D:7      | Noticed Pikel
  8474 | D:7      | Killed Pikel
  8475 | D:7      | Reached XP level 9. HP: 59/63 MP: 8/15
  8790 | D:7      | Reached skill level 5 in Summonings
  8906 | D:7      | Found a stormy altar of Qazlal.
  8918 | D:7      | Found a sacrificial altar of Ru.
  8921 | D:7      | Found a shimmering blue altar of Sif Muna.
  9058 | D:8      | Reached skill level 5 in Spellcasting
  9110 | D:8      | Found a transporter.
  9112 | D:8      | Noticed a manticore
  9113 | D:8      | Noticed a manticore
  9114 | D:8      | Found a sparkling altar of Nemelex Xobeh.
  9114 | D:8      | Found a bloodstained altar of Trog.
  9118 | D:8      | Found a transporter.
  9303 | D:8      | Found a sand-covered staircase.
  9308 | Ossuary  | Entered an ossuary
  9436 | Ossuary  | Reached ** piety under Dithmenos
  9562 | Ossuary  | Reached skill level 1 in Short Blades
  9649 | Ossuary  | Learned a level 3 spell: Hailstorm
  9737 | D:8      | Found an ancient bone altar of Kikubaaqudgha.
  9844 | D:8      | Reached skill level 5 in Necromancy
 10011 | D:8      | Reached XP level 10. HP: 70/70 MP: 17/17
 10441 | D:9      | Noticed a catoblepas
 10463 | D:9      | Noticed a six-headed hydra
 10468 | D:9      | Killed a six-headed hydra
 10469 | D:9      | Reached skill level 5 in Shields
 10469 | D:9      | Reached skill level 1 in Earth Magic
 10549 | D:9      | Reached skill level 1 in Conjurations
 10821 | D:9      | Noticed a boulder beetle
 10837 | D:9      | Killed a boulder beetle
 10893 | D:9      | Noticed a two-headed ogre
 10914 | D:9      | Killed a two-headed ogre
 11211 | D:9      | Reached *** piety under Dithmenos
 11326 | D:9      | Noticed a skeletal warrior
 11562 | D:9      | Killed a catoblepas
 11563 | D:9      | Reached XP level 11. HP: 75/75 MP: 12/18
 11648 | D:9      | Noticed Maurice
 11655 | D:9      | Killed Maurice
 11729 | D:10     | Entered Level 10 of the Dungeon
 11837 | D:10     | Noticed Harold
 11868 | D:10     | Killed Harold
 11869 | D:10     | Reached skill level 10 in Ice Magic
 12038 | D:10     | Reached skill level 5 in Evocations
 12255 | D:10     | Reached skill level 1 in Invocations
 12378 | D:10     | Noticed Lodul
 12389 | D:10     | Killed Lodul
 12390 | D:10     | Reached skill level 5 in Stealth
 12414 | D:10     | Found a staircase to the Lair.
 12540 | D:10     | Reached skill level 5 in Earth Magic
 12663 | D:10     | Reached **** piety under Dithmenos
 12823 | D:10     | Noticed Josephine
 13087 | D:9      | Learned a level 3 spell: Mephitic Cloud
 13363 | D:9      | Noticed a boulder beetle
 13412 | D:9      | Killed a boulder beetle
 13974 | D:9      | Killed a skeletal warrior
 14207 | D:10     | Reached skill level 1 in Alchemy
 14280 | D:10     | Killed Josephine
 14281 | D:10     | Reached skill level 5 in Dodging
 14281 | D:10     | Reached skill level 1 in Air Magic
 14629 | D:11     | Reached XP level 12. HP: 79/83 MP: 16/20
 14720 | D:11     | Noticed a two-headed ogre
 14728 | D:11     | Killed a two-headed ogre
 14747 | D:11     | Noticed a boulder beetle
 14802 | D:11     | Killed a boulder beetle
 14996 | D:11     | Found a staircase to the Orcish Mines.
 15061 | D:11     | Found a runed translucent gate.
 15061 | D:11     | Found a runed translucent gate.
 15061 | D:11     | Found a runed translucent gate.
 15761 | D:11     | Noticed a boulder beetle
 15778 | D:11     | Killed a boulder beetle
 16009 | D:3      | Found a transporter.
 16020 | D:3      | Killed Azzok's ghost
 16268 | D:8      | Learned a level 5 spell: Curse of Agony
 16288 | D:8      | Reached skill level 5 in Short Blades
 16425 | Lair:1   | Entered Level 1 of the Lair of Beasts
 16655 | Lair:1   | Reached ***** piety under Dithmenos
 16739 | Lair:1   | Found a gate leading to a gauntlet.
 16748 | Gauntlet | Entered a Gauntlet
 16748 | Gauntlet | Noticed a reaper
 16748 | Gauntlet | Found a transporter.
 16748 | Gauntlet | Found a transporter.
 16748 | Gauntlet | Found a transporter.
 16778 | Gauntlet | Found a transporter.
 16779 | Gauntlet | Found a transporter.
 16786 | Gauntlet | Noticed a blizzard demon
 16795 | Gauntlet | Found a transporter.
 16796 | Gauntlet | Found a transporter.
 16802 | Gauntlet | Found a transporter.
 16810 | Gauntlet | Found a transporter.
 16828 | Gauntlet | Found a transporter.
 16836 | Gauntlet | Found a transporter.
 16856 | Gauntlet | Found a transporter.
 17064 | Gauntlet | Identified the +1 helmet "Wawy Sow" {Regen+}
 17129 | Gauntlet | Reached skill level 5 in Conjurations
 17215 | Gauntlet | Identified the amulet "Gumoycid" {Faith rElec Str+5 Dex-3
                  | SInv}
 17321 | Gauntlet | Identified the +4 rapier "Tublouh" {drain, ^Drain rC+
                  | Stlth+}
 17321 | Gauntlet | Noticed a minotaur
 17340 | Gauntlet | Killed a minotaur
 17370 | Gauntlet | Identified the +0 leather armour of Happy Babbling
                  | {*Corrode rElec Str+8 Int+4}
 17579 | Lair:1   | Reached XP level 13. HP: 40/87 MP: 10/23
 18223 | Lair:1   | Learned a level 2 spell: Blink
 18616 | Lair:2   | Identified the +5 scale mail of Heresy {Will+}
 18807 | Lair:2   | Found a broken altar of Ashenzari.
 19121 | Lair:2   | Found a staircase to the Swamp.
 19147 | Lair:2   | Found a staircase to the Snake Pit.
 20401 | Lair:3   | Learned a level 4 spell: Petrify
 20547 | Lair:3   | Reached skill level 5 in Alchemy
 21610 | Lair:3   | Reached ****** piety under Dithmenos
 22104 | Lair:4   | Found a staircase to the Slime Pits.
 22110 | Lair:4   | Reached skill level 1 in Translocations
 22429 | Lair:4   | Reached XP level 14. HP: 96/96 MP: 25/25
 23643 | Lair:5   | Entered Level 5 of the Lair of Beasts
 24582 | Lair:4   | Found a staircase to the Slime Pits.
 25675 | Lair:4   | Found a staircase to the Slime Pits.
 26430 | Lair:5   | Found a transporter.
 26434 | Lair:5   | Found a transporter.
 27881 | Lair:5   | Identified the ring of Kebbow {rElec rN+ rCorr MP-9 Dex+6}
 27903 | Lair:5   | Noticed confidenceinterval's ghost (journeyman MiFi)
 28481 | Orc:1    | Entered Level 1 of the Orcish Mines
 28683 | Orc:1    | Noticed an orc warlord
 28797 | Orc:2    | Entered Level 2 of the Orcish Mines
 28797 | Orc:2    | Found a staircase to the Elven Halls.
 28830 | Orc:1    | Found a shimmering blue altar of Sif Muna.
 28899 | Orc:1    | Got Sif Muna's Papyrus of Gloom
 28933 | Orc:1    | Found Jengogyw's Book Emporium.
 29035 | Orc:2    | Found Lexionolec's Self-Improvement Boutique.
 29987 | Orc:2    | Found Cewiakh's General Store.
 29994 | Orc:2    | Found Ofaduaco's General Store.
 30663 | Orc:2    | Bought a scroll of butterflies for 52 gold pieces
 30663 | Orc:2    | Bought a scroll of poison for 52 gold pieces
 30966 | Orc:2    | Gained mutation: Your health recovers twice as slowly from
                  | being drained. [a neqoxec]
 30968 | Orc:2    | Reached skill level 5 in Fighting
 31331 | Orc:2    | Reached XP level 15. HP: 103/103 MP: 11/27
 31633 | Orc:2    | Found Tidoluv's Book Shop.
 31633 | Orc:2    | Found a one-way gate leading to the halls of Pandemonium.
 31633 | Orc:2    | Found Umitaozxe's Antique Weapon Boutique.
 31639 | Orc:2    | Bought a scorched scimitar for 198 gold pieces
 31639 | Orc:2    | Identified the +5 scimitar of Gotarun {flame, Fly rF+ rN+
                  | rCorr} (You bought it in a shop on level 2 of the Orcish
                  | Mines)
 31778 | Orc:2    | Bought a book of Blasting for 392 gold pieces
 31837 | Orc:1    | Bought a book of Vapours for 338 gold pieces
 32147 | Orc:1    | Reached skill level 10 in Stealth
 34588 | D:13     | Learned a level 5 spell: Freezing Cloud
 34713 | D:13     | Reached skill level 10 in Spellcasting
 35356 | D:13     | Found a gate to the Vaults.
 35754 | D:13     | Noticed Rupert
 35761 | D:13     | Noticed Nessos
 35762 | D:13     | Paralysed by Rupert for 4 turns
 35883 | D:13     | Killed Nessos
 35930 | D:13     | Killed Rupert
 35976 | D:13     | Found a gate to the Vaults.
 36085 | D:13     | Reached skill level 5 in Air Magic
 37389 | D:14     | Noticed a storm dragon
 37401 | D:14     | Killed a storm dragon
 37864 | D:14     | Reached XP level 16. HP: 115/115 MP: 23/30
 38106 | D:14     | Noticed a shadow dragon
 38121 | D:14     | Killed a shadow dragon
 38535 | D:15     | Entered Level 15 of the Dungeon
 38984 | D:15     | Found Harot's Antique Weapon Shop.
 39354 | D:15     | Reached skill level 10 in Short Blades
 39812 | D:15     | Found a staircase to the Depths.
 39932 | D:15     | Found a runed translucent door.
 39932 | D:15     | Noticed Cuam's ghost (journeyman TrCK)
 39943 | D:15     | Killed Cuam's ghost
 40219 | Orc:1    | Bought a book of Iron for 416 gold pieces
 40275 | D:12     | Learned a level 5 spell: Lee's Rapid Deconstruction
 40405 | Lair:3   | Identified the +11 rapier of Wenweis {distort, rElec}
 40508 | Lair:5   | Found a transporter.
 40513 | Lair:5   | Found a transporter.
 41169 | Lair:5   | Killed confidenceinterval's ghost
 41566 | Orc:2    | Bought a manual of Ranged Weapons for 1120 gold pieces
 41684 | Snake:1  | Entered Level 1 of the Snake Pit
 41771 | Snake:1  | Identified the serpent talisman of Atheism {Dex+4}
 41771 | Snake:1  | Noticed Aizul
 41833 | Snake:1  | HP: 2/120 [naga sharpshooter/bolt (27)]
 41845 | Snake:1  | Killed Aizul
 41846 | Snake:1  | Reached skill level 1 in Ranged Weapons
 42004 | Snake:1  | Reached skill level 10 in Earth Magic
 43555 | Snake:2  | Reached skill level 5 in Ranged Weapons
 43965 | Snake:2  | Reached skill level 10 in Fighting
 45532 | Snake:3  | Reached XP level 17. HP: 122/128 MP: 5/31
 45858 | Snake:3  | Found a transporter.
 46341 | Snake:3  | Found a transporter.
 46966 | Snake:3  | Reached skill level 10 in Ranged Weapons
 47805 | Snake:4  | Entered Level 4 of the Snake Pit
 49957 | Snake:4  | Reached skill level 5 in Armour
 53700 | Snake:4  | Got a serpentine rune of Zot
 54016 | D:13     | Learned a level 4 spell: Iskenderun's Mystic Blast
 54119 | Swamp:1  | Entered Level 1 of the Swamp
 54267 | Swamp:1  | Reached XP level 18. HP: 105/134 MP: 8/32
 54388 | Swamp:1  | Found a frozen archway.
 54405 | IceCv    | Entered an ice cave
 56053 | Swamp:1  | Identified the +5 ring mail "Dynae" {Int+4}
 56809 | Swamp:2  | You fall into a shaft and drop 1 floor!
 56813 | Swamp:3  | Reached skill level 5 in Translocations
 57594 | Swamp:2  | Reached skill level 15 in Ranged Weapons
 59846 | Swamp:4  | Entered Level 4 of the Swamp
 60284 | Swamp:4  | Found a runed translucent gate.
 60284 | Swamp:4  | Found a runed translucent gate.
 60322 | Swamp:4  | Found a runed translucent gate.
 60326 | Swamp:4  | Noticed hitsuchi's ghost (adept NaAl)
 61698 | Orc:2    | Bought the +8 storm bow {elec, penet} for 1390 gold pieces
 61698 | Orc:2    | Found the +8 storm bow {elec, penet}
 62847 | Swamp:4  | Reached XP level 19. HP: 93/140 MP: 24/33
 63154 | Swamp:4  | Got a decaying rune of Zot
 63513 | Swamp:4  | Killed hitsuchi's ghost
 63628 | Swamp:4  | Identified the ring of Tecoucapp {rF+ Str+3 Int+6}
 64281 | Elf:1    | Entered Level 1 of the Elven Halls
 64690 | Elf:1    | Found a runed translucent door.
 64814 | Elf:1    | Found Cejyu's Magic Scroll Boutique.
 64921 | Elf:1    | Found a huge runed translucent gate.
 64923 | Elf:1    | Found a huge runed translucent gate.
 64924 | Elf:1    | Found a huge runed translucent gate.
 64924 | Elf:1    | Found a huge runed translucent gate.
 64924 | Elf:1    | Found a huge runed translucent gate.
 64924 | Elf:1    | Found a huge runed translucent gate.
 64924 | Elf:1    | Found a huge runed translucent gate.
 64925 | Elf:1    | Found a huge runed translucent gate.
 64925 | Elf:1    | Found a huge runed translucent gate.
 64925 | Elf:1    | Found a huge runed translucent gate.
 64925 | Elf:1    | Found a huge runed translucent gate.
 64926 | Elf:1    | Found a huge runed translucent gate.
 64926 | Elf:1    | Found a huge runed translucent gate.
 64926 | Elf:1    | Found a huge runed translucent gate.
 64926 | Elf:1    | Found a huge runed translucent gate.
 64926 | Elf:1    | Found a huge runed translucent gate.
 64926 | Elf:1    | Found a huge runed translucent gate.
 64926 | Elf:1    | Found a huge runed translucent gate.
 64926 | Elf:1    | Found a huge runed translucent gate.
 64926 | Elf:1    | Found a huge runed translucent gate.
 65494 | Elf:2    | Found a huge runed translucent gate.
 65496 | Elf:2    | Found a huge runed translucent gate.
 65501 | Elf:2    | Found a huge runed translucent gate.
 65502 | Elf:2    | Found a huge runed translucent gate.
 65502 | Elf:2    | Found a huge runed translucent gate.
 65706 | Elf:2    | Identified a scroll of acquirement
 65711 | Elf:2    | Acquired the scarf of Plog {rC+ rF+, rN+ Regen+ Str-4}
 65921 | Elf:1    | Found an ancient bone altar of Kikubaaqudgha.
 66002 | Elf:2    | Noticed Jorgrun
 66054 | Elf:2    | Killed Jorgrun
 67897 | Elf:1    | Bought a scroll of enchant armour for 127 gold pieces
 67932 | Elf:3    | Entered Level 3 of the Elven Halls
 67983 | Elf:3    | Reached XP level 20. HP: 99/147 MP: 13/34
 68037 | Elf:3    | Found a magical portal.
 68046 | WizLab   | Entered The Chambers of the Cloud Mage
 68121 | WizLab   | Paralysed by an air elemental for 1 turns
 68134 | WizLab   | Paralysed by an air elemental for 1 turns
 68977 | WizLab   | Got the Almanac of Aeromancy
 69110 | Elf:1    | Bought a scroll of enchant armour for 127 gold pieces
 69336 | Elf:3    | Found Neebaem's Antique Armour Emporium.
 70392 | Elf:3    | Identified the +10 hand axe of the Blessed Realm {speed,
                  | Str+2}
 70564 | Elf:3    | Identified the ring of Unuriru {Fly rN+ Str+2 Int+3}
 70570 | Elf:3    | Identified the staff "Nuenik" {Dex+4 Earth}
 70950 | D:11     | Found a runed translucent gate.
 70950 | D:11     | Found a runed translucent gate.
 70952 | D:11     | Noticed Lymetel's ghost (journeyman GrFi)
 70955 | D:11     | Found a runed translucent gate.
 71047 | D:11     | Killed Lymetel's ghost
 71054 | D:11     | Learned a level 5 spell: Irradiate
 72105 | Vaults:1 | Entered Level 1 of the Vaults
 72333 | Vaults:1 | Reached skill level 1 in Throwing
 72512 | Vaults:1 | Paralysed by a formless jellyfish for 1 turns
 72574 | Vaults:1 | Identified the granite talisman of Valour {+Blink Str+5
                  | Int-5 Dex+3}
 72710 | Vaults:1 | Reached skill level 5 in Invocations
 72765 | Vaults:1 | Identified the +7 glaive of Fiz Vyh {heavy, rCorr}
 73340 | Vaults:1 | Reached XP level 21. HP: 98/156 MP: 10/35
 73474 | Vaults:1 | You are sucked into a shaft and drop 1 floor!
 74303 | Vaults:2 | Identified the +11 war axe "Iripseih" {freeze, rElec rC++}
 74731 | Vaults:2 | Found a staircase to the Crypt.
 75533 | Vaults:3 | Reached skill level 10 in Necromancy
 75575 | Vaults:3 | Found Xadugh's Distillery.
 75593 | Vaults:3 | Reached skill level 10 in Alchemy
 76033 | Vaults:3 | Found Besak's Weapon Emporium.
 76082 | Vaults:3 | Found Xobrimic's Weapon Emporium.
 76499 | Vaults:3 | Found Noezup's Weapon Shoppe.
 76932 | Vaults:3 | Got the Folio of Translocational Soot
 77081 | Vaults:4 | Noticed Zenata
 77200 | Vaults:4 | Noticed Norris
 77220 | Vaults:4 | Killed Norris
 77401 | Vaults:4 | Identified the +7 ring mail of Garoapol {Harm rElec Slay+4
                  | Stlth-}
 77425 | Vaults:4 | Found a large runed translucent door.
 77425 | Vaults:4 | Found a large runed translucent door.
 77425 | Vaults:4 | Found a large runed translucent door.
 77425 | Vaults:4 | Found a large runed translucent door.
 77425 | Vaults:4 | Found a large runed translucent door.
 77425 | Vaults:4 | Found a large runed translucent door.
 77425 | Vaults:4 | Noticed NoAnimeNoLife's ghost (veteran GnHs)
 77426 | Vaults:4 | Found a large runed translucent door.
 77426 | Vaults:4 | Found a large runed translucent door.
 77556 | Vaults:4 | Killed Zenata
 78067 | Vaults:4 | Identified the +3 orcbow "Ogrebane" {heavy, Will+ Str+2
                  | Int+2}
 78087 | Vaults:4 | Reached XP level 22. HP: 172/172 MP: 27/36
 78312 | Vaults:4 | Reached skill level 10 in Evocations
 78851 | Vaults:4 | Killed NoAnimeNoLife's ghost
 79003 | Vaults:4 | Identified the +0 hat "Qithits Miunt" {Stlth+}
 79316 | Depths:1 | Entered Level 1 of the Depths
 79549 | Depths:1 | Reached skill level 15 in Fighting
 79883 | Depths:1 | Found a one-way gateway to a ziggurat.
 80002 | Depths:1 | Got Mixah's Tractate on Burning
 80162 | Depths:1 | Got the Book of Transposition
 80382 | Depths:1 | Found a stormy altar of Qazlal.
 80483 | Depths:1 | Got the Commentary on Shades
 80555 | Depths:1 | Found a gateway to Hell.
 80725 | Depths:1 | Paralysed by an air elemental for 1 turns
 80988 | Depths:1 | Paralysed by an air elemental for 1 turns
 81096 | Depths:1 | Got the Essays on the Sky
 81788 | Depths:2 | Found a one-way gate to the infinite horrors of the Abyss.
 82217 | Depths:2 | Noticed a juggernaut
 82243 | Depths:2 | Killed a juggernaut
 82256 | Depths:2 | Reached XP level 23. HP: 121/185 MP: 14/37
 82859 | Depths:3 | Reached skill level 5 in Throwing
 83667 | Depths:3 | Identified the staff "Esteyneu" {rElec rN+ Int+3 Necro}
 83686 | Depths:3 | Noticed a juggernaut
 83699 | Depths:3 | Killed a juggernaut
 83897 | Depths:3 | Identified the staff of the Fortifying Puffin {Dex+4 Conj}
 83919 | Depths:3 | Identified the +5 rapier of Gallantry {vamp, Will+ Stlth+}
 83924 | Depths:3 | Identified the +5 short sword "Uskow" {drain, ^Drain rF++
                  | Int+2}
 84541 | Depths:3 | Noticed a juggernaut
 84557 | Depths:3 | Killed a juggernaut
 84943 | Depths:3 | Noticed a juggernaut
 84955 | Depths:3 | Killed a juggernaut
 85977 | Depths:4 | Entered Level 4 of the Depths
 85985 | Depths:4 | Noticed Boris
 85988 | Depths:4 | Noticed a caustic shrike
 85988 | Depths:4 | Noticed a caustic shrike
 85988 | Depths:4 | Noticed a caustic shrike
 85988 | Depths:4 | Noticed a caustic shrike
 86299 | Depths:4 | Killed a caustic shrike
 86303 | Depths:4 | Killed a caustic shrike
 86309 | Depths:4 | Killed a caustic shrike
 86487 | Depths:4 | Found a hazy altar of Hepliaklqana.
 86645 | Depths:4 | Reached XP level 24. HP: 188/199 MP: 26/37
 87073 | Depths:4 | Found a corrupted altar of Lugonu.
 87125 | Depths:4 | Killed Boris
 87357 | Depths:4 | Found a gate to the Realm of Zot.
 87914 | Crypt:1  | Entered Level 1 of the Crypt
 87925 | Crypt:1  | Noticed Boris
 88038 | Crypt:1  | Reached skill level 10 in Armour
 88271 | Crypt:1  | Killed Boris
 88989 | Crypt:1  | Got the Folio of Blasts and the Alembic
 90648 | Crypt:3  | Entered Level 3 of the Crypt
 91461 | Crypt:3  | Found a basalt altar of Yredelemnul.
 91461 | Crypt:3  | Noticed an ancient lich
 91468 | Crypt:3  | Killed an ancient lich
 92098 | Crypt:3  | Found a staircase to the Tomb.
 92327 | Crypt:3  | Got the Anthology of Evil
 92695 | Vaults:5 | Entered Level 5 of the Vaults
 92992 | Vaults:5 | Noticed an ancient lich
 93003 | Vaults:5 | Killed an ancient lich
 93061 | Vaults:5 | Reached XP level 25. HP: 156/209 MP: 9/37
 93412 | Vaults:5 | Reached skill level 10 in Dodging
 93540 | Vaults:5 | Identified the ring "Buickumm" {Ice rPois Str+4}
 94336 | Vaults:5 | Reached skill level 10 in Invocations
 95092 | Vaults:5 | Noticed a dread lich
 95102 | Vaults:5 | Killed a dread lich
 95332 | Vaults:5 | Noticed a dread lich
 95341 | Vaults:5 | Killed a dread lich
 95985 | Vaults:5 | Noticed Margery
 96026 | Vaults:5 | Found the +2 hood of the Assassin {Detect Stab+ Stlth++}
 96205 | Vaults:5 | Identified the +0 helmet "Lihik" {Int+2}
 96216 | Vaults:5 | Got a silver rune of Zot
 96238 | Vaults:5 | Got the Lessons on the Excursion and the Mantle
 96302 | Vaults:5 | Found Lyskir's Magic Scroll Boutique.
 96306 | Vaults:5 | Found Seciatou's Magic Scroll Boutique.
 96310 | Vaults:5 | Bought a scroll of blinking for 150 gold pieces
 96310 | Vaults:5 | Bought 3 scrolls of butterflies for 240 gold pieces
 96310 | Vaults:5 | Bought a scroll of poison for 80 gold pieces
 96310 | Vaults:5 | Bought a scroll of teleportation for 60 gold pieces
 96310 | Vaults:5 | Bought a scroll of fear for 80 gold pieces
 96310 | Vaults:5 | Bought a scroll of fear for 80 gold pieces
 96310 | Vaults:5 | Bought a scroll of immolation for 80 gold pieces
 96310 | Vaults:5 | Bought a scroll of immolation for 80 gold pieces
 96349 | Vaults:5 | Killed Margery
 96397 | Vaults:5 | Bought a scroll of fear for 92 gold pieces
 96397 | Vaults:5 | Bought a scroll of butterflies for 92 gold pieces
 96397 | Vaults:5 | Bought a scroll of teleportation for 69 gold pieces
 96397 | Vaults:5 | Bought a scroll of teleportation for 69 gold pieces
 96624 | Vaults:5 | Identified the +3 quarterstaff of Freehold {freeze, rElec
                  | rPois rC+}
 96769 | Vaults:5 | Found Serchoi's Antique Armour Emporium.
 96775 | Vaults:5 | Bought a twisted leather armour for 280 gold pieces
 96775 | Vaults:5 | Identified the +3 leather armour of Lachrymose Beauty {rF-
                  | Int+6} (You bought it in a shop on level 5 of the Vaults)
 96775 | Vaults:5 | Bought a steaming scarf for 400 gold pieces
 96775 | Vaults:5 | Identified the scarf "Aggeufoq" {shadows, rF+} (You bought
                  | it in a shop on level 5 of the Vaults)
 96793 | Vaults:5 | Found Ecwe's Distillery.
 96797 | Vaults:5 | Bought a potion of brilliance for 60 gold pieces
 96797 | Vaults:5 | Bought a potion of ambrosia for 120 gold pieces
 96797 | Vaults:5 | Bought a potion of curing for 45 gold pieces
 96797 | Vaults:5 | Bought a potion of brilliance for 60 gold pieces
 96797 | Vaults:5 | Bought a potion of mutation for 120 gold pieces
 97054 | Orc:2    | Bought a potion of haste for 130 gold pieces
 97054 | Orc:2    | Bought a wand of light (3) for 163 gold pieces
 97054 | Orc:2    | Bought a potion of heal wounds for 65 gold pieces
 97054 | Orc:2    | Bought a scroll of fear for 52 gold pieces
 97057 | Orc:2    | Bought a potion of cancellation for 112 gold pieces
 97057 | Orc:2    | Bought a wand of charming (4) for 134 gold pieces
 97057 | Orc:2    | Bought a potion of heal wounds for 70 gold pieces
 97057 | Orc:2    | Bought a scroll of vulnerability for 56 gold pieces
 97126 | Elf:1    | Bought a scroll of blinking for 127 gold pieces
 97126 | Elf:1    | Bought a scroll of fog for 68 gold pieces
 97126 | Elf:1    | Bought a scroll of fear for 68 gold pieces
 97126 | Elf:1    | Bought a scroll of poison for 68 gold pieces
 97306 | Vaults:3 | Bought 2 potions of brilliance for 152 gold pieces
 97306 | Vaults:3 | Bought a potion of curing for 57 gold pieces
 97306 | Vaults:3 | Bought a potion of heal wounds for 95 gold pieces
 97306 | Vaults:3 | Bought a potion of haste for 190 gold pieces
 97525 | Zot:1    | Entered Level 1 of the Realm of Zot
 98316 | Zot:1    | Reached XP level 26. HP: 182/218 MP: 23/37
 98554 | Zot:1    | Identified the +3 short sword of Infinity {antimagic, Str-5
                  | Dex+3}
 98800 | Zot:1    | Reached skill level 15 in Dodging
 99762 | Zot:1    | Identified the +0 swamp dragon scales of Jimusubb {rPois
                  | Str+4 Int-5}
101650 | Zot:3    | You are sucked into a shaft and drop 1 floor!
101860 | Zot:4    | Reached skill level 15 in Invocations
103586 | Zot:3    | Identified the +5 triple sword "Keocublea" {speed, rN+
                  | Will+ rCorr Int+3}
103877 | Zot:5    | Entered Level 5 of the Realm of Zot
104621 | Vaults:3 | Bought a potion of enlightenment for 95 gold pieces
104621 | Vaults:3 | Bought a potion of enlightenment for 95 gold pieces
104621 | Vaults:3 | Bought a potion of resistance for 190 gold pieces
105309 | Zot:5    | Reached XP level 27. HP: 224/224 MP: 28/37
105973 | Zot:5    | Noticed an ancient lich
105984 | Zot:5    | Noticed an orb of fire
105984 | Zot:5    | Noticed an orb of fire
105993 | Zot:5    | Killed an ancient lich
105997 | Zot:5    | Killed a dread lich
106011 | Zot:5    | Killed an orb of fire
106019 | Zot:5    | Killed an orb of fire
108222 | Zot:5    | Noticed an orb of fire
108224 | Zot:5    | Noticed an orb of fire
108233 | Zot:5    | Killed an orb of fire
108237 | Zot:5    | Noticed a dread lich
108238 | Zot:5    | Gained mutation: You are frail. (-10% HP) [an orb of fire]
108352 | Zot:5    | Lost mutation: Your health recovers twice as slowly from
                  | being drained. [potion of mutation]
108352 | Zot:5    | Lost mutation: You are frail. (-10% HP) [potion of
                  | mutation]
108352 | Zot:5    | Gained mutation: You are partially covered in iridescent
                  | scales. (AC +2) [potion of mutation]
108352 | Zot:5    | Gained mutation: Your muscles are strong. (Str +4, Int/Dex
                  | -1) [potion of mutation]
108412 | Zot:5    | Killed an orb of fire
109113 | Zot:5    | Noticed an ancient lich
109118 | Zot:5    | Noticed an ancient lich
109122 | Zot:5    | Killed an ancient lich
109483 | Zot:5    | Killed an ancient lich
109524 | Zot:5    | Killed a dread lich
109730 | Zot:5    | Got the Orb of Zot
109765 | Zot:4    | Noticed Hutocekh the pandemonium lord
110331 | D:$      | Escaped with the Orb!

Illustrated notes

Levels and vault maps discovered:
D:1:      dpeg_arrival_circle_labyrinth_b, layout_loops_ring,
          dreamdust_wishing_well
D:2:      layout_basic, uniq_jessica, uniq_natasha
D:3:      layout_rooms, mainiacjoe_overflow_24_doors, gammafunk_ghost_smash,
          hellmonk_ecumenical_altar_watching_god
D:4:      layout_gridville
D:5:      layout_loops_ring, corner_web_ring, kennysheep_generic_room_11
D:6:      layout_basic, overflow_temple_1_default,
          minmay_temple_entry_offerings, abandoned_shop
D:7:      layout_cave_pools, minitemple, uniq_pikel
D:8:      layout_basic, gammafunk_temple_overflow_arena, enter_ossuary_5,
          hex_tiny, hangedman_misty_isle
D:9:      nzn_winding_woodlands_small [nzn_winding_woodlands_5x15_jagged,
          nzn_winding_woodlands_center_diamonds,
          nzn_winding_woodlands_5x15_default], layout_gridville, serial_bayou,
          serial_bayou_lake_a, serial_bayou_shore_b, serial_bayou_pond_e,
          serial_bayou_pond_a, serial_bayou_shore_a, kb_rosetta, uniq_maurice
D:10:     layout_roguey, erik_lair_island, uniq_lodul, uniq_josephine,
          uniq_harold
D:11:     layout_roguey, erik_orc_4,
          ploomutoo_gammafunk_ghost_potion_laboratory, minmay_microvault
D:12:     layout_gridville
D:13:     layout_rooms, erik_vaults_2, uniq_nessos, uniq_rupert
D:14:     minmay_containers, layout_cross, kennysheep_cross_bottleneck
D:15:     grunt_enter_depths_giant_problem, layout_loops_ring,
          chequers_serial_rivers_micro_a, ebering_ghost_reflecting_pool,
          serial_shops, shop
Temple:   minmay_temple_curvy_branch
Lair:1:   layout_hall_layers, gauntlet_entry_generic, fungi_pond_lemuel,
          serial_bayou_ford_a, patterned_corridor, serial_bayou_shore_b,
          grunt_megastairs_4
Lair:2:   dreamdust_cave_troll, layout_regular_city,
          minmay_swamp_entry_reptiles, dummy_snake_entry, serial_forest,
          infiniplex_forest_clump_long, infiniplex_forest_straight_3,
          infiniplex_forest_straight_3, infiniplex_forest_split,
          infiniplex_forest_clump_diagonal, infiniplex_forest_end_2,
          infiniplex_forest_lined_2, basic_altar, chequers_serial_rivers_large_a
Lair:3:   layout_hall_layers, st_stairs_3, ice2_lemuel
Lair:4:   layout_cave_pods, nicolae_slime_entry_slimehenge, minivault_23,
          eino_small_chamber_without_monster
Lair:5:   minmay_lair_end_frog_pond, layout_concentric_octagons,
          gammafunk_ghost_hive
Swamp:1:  layout_basic_swamp, portal_ice_cave_entry_dragon,
          evilmike_swamp_ruin_house_6
Swamp:2:  layout_falls_marsh, serial_swamp_ruin, evilmike_swamp_ruin_rubble_2,
          evilmike_swamp_ruin_house_3, swamp_pool_1_2, infiniplex_staircase_pool
Swamp:3:  layout_basic_swamp, nicolae_swamp_well_well_well
Swamp:4:  swamp_vile, layout_basic_swamp, gammafunk_ghost_necromancy,
          swamp_pool_5, nicolae_swamp_spriggan_camp
Snake:1:  layout_cave_shapes, uniq_aizul
Snake:2:  layout_rooms
Snake:3:  gammafunk_sealed_arena, layout_cave_pods,
          nicolae_snake_guarding_the_ruins, grunt_megastairs_5
Snake:4:  snake_pit_salamanders_mu, layout_grid_shapes, serial_bayou_pond_c,
          lemuel_fruit_tree
Orc:1:    orc_temple, layout_diamond_mine, serial_shops,
          nicolae_book_shop_shelving, led_sif_book
Orc:2:    pf_orc_diabolical, layout_caves, statue_in_the_mist_lemuel,
          nicolae_shop_self_help
Elf:1:    minmay_elf_arrival_summoners, layout_gridlike, serial_shops,
          nicolae_shop_gibbet_a_chance, hangedman_elf_represent,
          serial_sigils_hangedman_quiver, nicolae_danse_macabre,
          lemuel_upstairs_altar
Elf:2:    elven_hall_of_blades_hangedman_alternative
          [nicolae_vaults_blade_armed_guards], layout_loops_corners,
          uniq_jorgrun
Elf:3:    minmay_elf_hall_x, layout_geoelf_diagonals, serial_shops, shop,
          mu_enter_wizlab_5
Vaults:1: grunt_vaults_bifocal, nicolae_vaults_storage_room_glass,
          hangedman_vaults_river_flow, nicolae_vaults_windows_and_doors_thing,
          vaults_room_boxed, nicolae_vaults_more_shelving_1,
          nicolae_vaults_display_case, grunt_vaults_hallway_long, v_misc_15,
          nicolae_vaults_back_hallway, layout_vaults_big_room
Vaults:2: v_misc_5, nicolae_vaults_closet_pinwheel_1,
          nicolae_vaults_tetromino_T_1, grunt_vaults_hallway_short,
          minmay_crypt_entry_simple_box, nicolae_vaults_oval_intersection,
          vaults_room_pools, v_misc_26, nicolae_vaults_specimen_jars,
          layout_vaults_quadrants
Vaults:3: ontoclasm_vaults_ring_large, v_misc_14, vaults_dpeg_emergency_exit,
          gargoyle_guard, nicolae_vaults_closet_pinwheel_1,
          nicolae_vaults_turnstiles, nicolae_vaults_storage_closets_2,
          ontoclasm_vaults_idyll, grunt_vaults_hallway_short,
          nicolae_vaults_door_testing_chamber, ontoclasm_vaults_fault,
          vaults_mumra_minichess, nicolae_vaults_mini_display_case,
          layout_vaults_omnibox, serial_shops, nicolae_shop_statue_plus,
          nicolae_shop_industrial_runoff, shop, shop
Vaults:4: advil_vaults_ghost_lines, v_misc_25, hangedman_vaults_snaps,
          vaults_mumra_hex, grunt_vaults_trifunnel, hangedman_vaults_hat,
          v_misc_5, v_pattern_1, vaults_dpeg_encased_lava,
          vaults_room_semicircle, nicolae_vaults_tetromino_L_1,
          layout_vaults_omnicross, uniq_norris, uniq_zenata
Vaults:5: uniq_margery
Crypt:1:  layout_catacombs, st_stairs_12, grunt_ministairs_13,
          minmay_misc_feat_pillars, serial_library_hellmonk_metal_room
Crypt:2:  layout_misc_corridors, st_stairs_6, item_on_display_a,
          grunt_megastairs_1
Crypt:3:  cryptofortress_bobbens
Depths:1: layout_gridlike, enter_ziggurat_f, pf_coc_iceberg,
          serial_magic_research, hangedman_research_thanatology,
          hangedman_research_quantum, hangedman_research_pyrotechnics,
          hangedman_research_electronics, nicolae_qazlal_general_emergency,
          hangedman_decor_slide_cut, dk_noncrumbling_3
Depths:2: minmay_split_circle, layout_basic, rand_demon_pan_entry_5,
          kennysheep_nondescript, abyss_entry, hell_entry, item_on_display_a
Depths:3: box_level_dp, hell_entry, abyss_entry, serial_shops
Depths:4: evilmike_zot_entry_diamond, layout_cave_pools,
          lemuel_coloured_pillars_altar, hangedman_tar_grid_catacomb,
          abyss_entry_flame_altar, amcnicky_mini_rare_corridor_liquid,
          serial_bayou_pond_c, uniq_boris
Zot:1:    regret_index_malice_mire, layout_misc_corridors, uniq_josephina
Zot:2:    layout_twisted_circle
Zot:3:    layout_onion_interference, st_large_dragon_hoard_1
Zot:4:    layout_gridlike
Zot:5:    layout_gridville

Skill      XL: |  1  2  3  4  5  6  7  8  9 10 11 12 13 14 15 16 17 18 19 20 21 22 23 24 25 26 27 |
---------------+----------------------------------------------------------------------------------+-----
Fighting       | 1 3 4 5 7 10 11 14 16 18 20 | 20.0
Spellcasting   | 3 4 5 6 7 8 10 | 10.0
Ice Magic      | 5 6 7 8 9 10 11 | 11.0
Summonings     | 1 3 4 5 |  5.0
Evocations     | 2 4 5 6 9 14 | 14.0
Armour         | 1 3 4 5 9 11 12 | 12.0
Shields        | 1 2 4 5 |  5.0
Dodging        | 3 4 5 6 9 14 15 | 15.0
Necromancy     | 2 5 7 8 9 10 | 10.0
Short Blades   | 2 3 4 6 8 11 12 13 14 | 14.0
Stealth        | 4 6 7 9 10 12 | 12.4
Earth Magic    | 4 5 6 7 9 10 | 10.0
Conjurations   | 2 4 5 7 8 |  8.0
Invocations    | 2 4 5 8 12 16 20 | 20.1
Alchemy        | 1 3 9 10 | 10.0
Air Magic      | 1 3 5 7 |  7.0
Translocations | 2 3 5 |  5.0
Ranged Weapons | 7 13 16 18 20 | 20.0
Throwing       | 2 3 6 |  6.0

Action                     |  1- 3 |  4- 6 |  7- 9 | 10-12 | 13-15 | 16-18 | 19-21 | 22-24 | 25-27 || total
---------------------------+-------+-------+-------+-------+-------+-------+-------+-------+-------++-------
  Melee: Dagger            |     9 |    44 |   128 |   410 |   421 |   139 |     2 |       |       ||  1153
         Bite              |     1 |     2 |    15 |    84 |    68 |    15 |       |       |       ||   185
         Punch             |       |     2 |     2 |       |       |       |       |       |       ||     4
         Scimitar          |       |       |       |       |       |     1 |       |       |       ||     1
         Rapier            |       |       |       |       |       |       |       |     1 |     8 ||     9
   Fire: Longbow           |       |       |       |       |       |    75 |  1541 |  2001 |  1875 ||  5492
  Throw: Stone             |     2 |     7 |    29 |    37 |     2 |       |       |       |       ||    77
         Throwing net      |       |       |       |     1 |     1 |       |       |       |       ||     2
         Javelin           |       |       |       |       |     1 |       |       |       |       ||     1
         Boomerang         |       |       |       |       |    15 |     6 |       |       |       ||    21
         Dart              |       |       |       |       |     3 |     1 |     1 |     5 |     3 ||    13
   Cast: Freeze            |    36 |    16 |    17 |    10 |     2 |       |       |       |       ||    81
         Frozen Ramparts   |     3 |    32 |    42 |    69 |    61 |       |       |       |       ||   207
         Summon Ice Beast  |       |       |    12 |    19 |     2 |       |       |       |       ||    33
         Dispel Undead     |       |       |     1 |    23 |     1 |    25 |     8 |    21 |     4 ||    83
         Hailstorm         |       |       |       |     2 |       |       |       |       |       ||     2
         Mephitic Cloud    |       |       |       |    25 |     6 |     1 |       |     1 |     1 ||    34
         Curse of Agony    |       |       |       |    10 |    15 |       |       |       |       ||    25
         Stone Arrow       |       |       |       |       |   465 |   449 |       |       |       ||   914
         Petrify           |       |       |       |       |    62 |    38 |       |       |       ||   100
         Blink             |       |       |       |       |     7 |     5 |     1 |     1 |     7 ||    21
         Freezing Cloud    |       |       |       |       |     3 |   175 |     7 |       |       ||   185
         Lee's Rapid Decon |       |       |       |       |       |     7 |     2 |    13 |    18 ||    40
         Iskenderun's Myst |       |       |       |       |       |     1 |     9 |       |       ||    10
         Irradiate         |       |       |       |       |       |       |       |       |     8 ||     8
 Invoke: Shadow Step       |       |       |       |       |     2 |    15 |       |       |       ||    17
  Evoke: Wand              |       |       |       |    20 |    18 |    97 |     8 |     7 |    23 ||   173
         Box of beasts     |       |       |       |       |     3 |     4 |       |       |       ||     7
         Phial of floods   |       |       |       |       |     3 |     4 |     4 |     1 |     2 ||    14
         Lightning rod     |       |       |       |       |       |    25 |    19 |    13 |     7 ||    64
         Phantom mirror    |       |       |       |       |       |     3 |     2 |     1 |     2 ||     8
    Use: Scroll            |       |     5 |     6 |     9 |    17 |    19 |    15 |    12 |    18 ||   101
         Potion            |       |       |       |     4 |     5 |    16 |     8 |     1 |    18 ||    52
   Stab: Sleeping          |       |     6 |     6 |    10 |    24 |    31 |     2 |     1 |     1 ||    81
         Distracted        |       |       |     4 |     4 |       |       |       |       |       ||     8
         Confused          |       |       |       |    17 |     2 |     4 |       |       |       ||    23
         Petrified         |       |       |       |     1 |    46 |    24 |       |       |       ||    71
         Petrifying        |       |       |       |       |     3 |       |       |       |       ||     3
         Invisible         |       |       |       |       |       |     1 |       |       |       ||     1
 Armour: Robe              |    19 |    23 |    10 |       |       |       |       |       |       ||    52
         Leather armour    |       |       |    53 |   221 |   362 |   492 |   421 |   643 |   393 ||  2585
         Quicksilver drago |       |       |       |       |       |       |       |       |     4 ||     4
  Dodge: Dodged            |    15 |    42 |    79 |   172 |   266 |   242 |   214 |   399 |   415 ||  1844
  Block: Buckler           |       |       |       |    69 |   123 |    99 |       |       |       ||   291

Table legend: (Time is in decaauts)
 A = Elapsed time spent in this place.
 B = Non-inter-level travel time spent in this place.
 C = Inter-level travel time spent in this place.
 D = Time resting spent in this place.
 E = Time spent auto-exploring this place.
 F = Levels seen in this place.
 G = Mean time per level.
                   A        B        C        D        E       F      G
               +--------+--------+--------+--------+--------+-----+--------+
         Total | 109564 | 100561 |   9003 |  23146 |  57199 |  55 | 1992.1 |
       Dungeon |  25085 |  22413 |   2672 |   2585 |  15633 |  15 | 1672.3 |
        Temple |     50 |     11 |     39 |      0 |      0 |   1 |   50.0 |
          Lair |  12750 |  11573 |   1177 |   1796 |   7758 |   5 | 2550.0 |
         Swamp |   9414 |   9079 |    335 |   2910 |   4560 |   4 | 2353.5 |
     Snake Pit |  12639 |  11840 |    799 |   2345 |   7665 |   4 | 3159.8 |
  Orcish Mines |   5099 |   4503 |    596 |   1757 |   1891 |   2 | 2549.5 |
   Elven Halls |   5572 |   5039 |    533 |   1302 |   2616 |   3 | 1857.3 |
        Vaults |  11580 |  10345 |   1235 |   2939 |   5068 |   5 | 2316.0 |
         Crypt |   4470 |   4245 |    225 |    740 |   2411 |   3 | 1490.0 |
        Depths |   8477 |   7576 |    901 |   1033 |   4592 |   4 | 2119.2 |
           Zot |  11550 |  11061 |    489 |   5092 |   3874 |   5 | 2310.0 |
       Ossuary |    397 |    397 |      0 |     23 |    159 |   1 |  397.0 |
      Ice Cave |    750 |    750 |      0 |    423 |    101 |   1 |  750.0 |
        Wizlab |   1002 |   1002 |      0 |    157 |    495 |   1 | 1002.0 |
      Gauntlet |    723 |    723 |      0 |     40 |    372 |   1 |  723.0 |
               +--------+--------+--------+--------+--------+-----+--------+

Top non-repeatable levels by time:
   Zot:5: 4819 daAuts
 Snake:4: 4631 daAuts
  Lair:4: 4168 daAuts
 Snake:3: 4074 daAuts
Vaults:5: 4021 daAuts
 Swamp:4: 3844 daAuts
Depths:3: 3423 daAuts
   Zot:1: 2854 daAuts
  Lair:5: 2792 daAuts
   Orc:2: 2783 daAuts
     D:9: 2603 daAuts
  Lair:3: 2504 daAuts
   Elf:2: 2464 daAuts
     D:1: 2444 daAuts
    D:13: 2422 daAuts
